 Dungeon Crawl Stone Soup version 0.17.1-3-g152610e (webtiles) character file.

1505 Urist the Ruffian (level 8, -6/79 HPs)
             Began as a Troll Monk on Apr 7, 2016.
             Mangled by an orc warrior
             ... wielding a +0 scimitar
              (18 damage)
             ... on level 6 of the Dungeon.
             The game lasted 00:17:34 (4718 turns).

Urist the Ruffian (Troll Monk)                      Turns: 4718, Time: 00:17:34

Health: -6/79      AC:  7    Str: 22    XL:     8   Next: 52%
Magic:  7/7        EV: 11    Int:  6    God:
Gold:   178        SH:  0    Dex:  8    Spells: 0 memorised, 7 levels left

rFire  . . .     SeeInvis .       - Unarmed
rCold  . . .     Clarity  .     a - +1 robe
rNeg   + + .     SustAt   .     (no shield)
rPois  +         Gourm    +     (helmet restricted)
rElec  .         Spirit   .     (no cloak)
rCorr  .         Warding  +     (gloves unavailable)
rMut   .         Stasis   .     (boots unavailable)
MR     .....                    g - amulet of warding
Stlth  +.........               (no ring)
                                o - ring of positive energy

@: not resistant to hostile enchantments, very unstealthy
A: unfitting armour, antennae 1, claws 3, blurry vision 1, clumsy 2, fast
metabolism 3, gourmand, poison resistance, regeneration 2, shaggy fur 2, tough
skin 2
a: no special abilities


You were on level 6 of the Dungeon.
You were hungry.

You visited 2 branches of the dungeon, and saw 7 of its levels.

You collected 490 gold pieces.
You spent 312 gold pieces at shops.

Inventory:

Hand Weapons
 c - a +0 dagger
Armour
 a - a +1 robe (worn)
Jewellery
 d - an uncursed ring of wizardry
 g - an amulet of warding (around neck)
 m - an uncursed amulet of resist mutation
 o - a ring of positive energy (left claw)
 r - an uncursed amulet of regeneration {unknown}
Wands
 p - a wand of fireball (3)
 q - a wand of cold (9)
Scrolls
 f - 4 scrolls of identify
 h - 3 scrolls of teleportation
 j - 3 scrolls of recharging {unknown}
 k - a scroll of amnesia {unknown}
 n - 3 scrolls of remove curse {unknown}
Potions
 i - a potion of cancellation
 u - a potion of invisibility
Comestibles
 b - 2 bread rations


   Skills:
 * Level 4.9 Fighting
 * Level 6.0 Dodging
 + Level 2.1 Stealth
 * Level 7.2 Unarmed Combat


You had 7 spell levels left.
You didn't know any spells.

Dungeon Overview and Level Annotations

Branches:
Dungeon (6/15)             Temple (1/1) D:5

Altars:
Ashenzari
Dithmenos
Fedhas
Gozag
Makhleb
Nemelex Xobeh
Okawaru
Qazlal
Ru
Sif Muna
Trog
Vehumet
Zin
The Shining One

Shops:
D:5 !   D:6 =


Innate Abilities, Weirdness & Mutations

You are too large for most types of armour.
You have claws for hands.
Your metabolism is lightning-fast.
You like to eat raw meat.
You heal very quickly.
You are covered in thick fur (AC +2).
You have very tough skin (AC +2).
You have a pair of small antennae on your head.
Scrolls take you a little longer to read.
You are very clumsy. (Dex -4)
Your system is resistant to poisons.


Message History

The orc warrior hits you with a scimitar!
* * * LOW HITPOINT WARNING * * *
Drink which item? (? for menu, Esc to quit)
You feel better. The orc wizard barely misses you.
The orc wizard closely misses you. Something hits you.
* * * LOW HITPOINT WARNING * * *
Drink which item? (? for menu, Esc to quit)
You feel better. The orc warrior barely misses you.
The orc wizard hits you with a dagger.
You hear some strange, mumbled words.
Something tries to affect you, but you resist.
You closely miss something. The orc wizard hits you with a dagger.
* * * LOW HITPOINT WARNING * * *
The orc warrior hits you with a scimitar!
* * * LOW HITPOINT WARNING * * *
The orc wizard hits you but does no damage.
Something hits you but does no damage.
You barely miss something. The orc wizard barely misses you.
The orc warrior hits you with a scimitar!!
You die...

#...####..#.####.########### ##
#.>.................F..o...#
..........#.###..#########.# ##
...............(............####.
..).........................##...
.............................#..#
.............................#.#<
...............o.................
...............o@...............#
..))...........{).$..............
....).........................#.#
..............................#.#
................................#
..................<..........#..#
..([.........................#..#
.##################.........(#..#
....#### ..........#..#


You could see an orc warrior and an orc wizard.

Vanquished Creatures
  The ghost of Tobisume the Cleaver, a novice DsBe of Trog (D:6)
  Menkaure (D:4)
  Edmund (D:4)
  A sky beast (D:5)
  An ice beast (D:6)
  A scorpion (D:6)
  2 crimson imps
  A giant frog skeleton (D:6)
  2 orc priests (D:6)
  Ijyb (D:3)
  A hound (D:5)
  An orc wizard (D:6)
  2 worker ants
  A hound zombie (D:6)
  6 gnolls
  5 adders
  An adder zombie (D:5)
  4 worms
  An adder skeleton (D:6)
  4 giant geckos
  17 orcs
  2 ball pythons
  2 giant cockroaches
  9 goblins
  8 hobgoblins
  4 jackals (D:3)
  A quokka (D:5)
  5 bats
  4 giant newts (D:3)
  3 kobolds
  2 quokka zombies
  8 rats
103 creatures vanquished.

Notes
Turn   | Place    | Note
--------------------------------------------------------------
     0 | D:1      | Urist the Troll Monk began the quest for the Orb.
     0 | D:1      | Reached XP level 1. HP: 22/22 MP: 0/0
   212 | D:1      | Reached XP level 2. HP: 29/29 MP: 1/1
   972 | D:2      | Reached XP level 3. HP: 36/36 MP: 2/2
  1745 | D:3      | Noticed Ijyb
  1751 | D:3      | Killed Ijyb
  1751 | D:3      | Reached XP level 4. HP: 44/44 MP: 3/3
  1992 | D:3      | Found a deep blue altar of Sif Muna.
  2188 | D:3      | Reached skill level 5 in Unarmed Combat
  2593 | D:4      | Noticed Edmund
  2604 | D:4      | Killed Edmund
  2604 | D:4      | Reached XP level 5. HP: 43/53 MP: 4/4
  2715 | D:4      | Noticed Menkaure
  2729 | D:4      | Found a glowing silver altar of Zin.
  2729 | D:4      | Found an opulent altar of Gozag.
  2858 | D:4      | Killed Menkaure
  2858 | D:4      | Reached XP level 6. HP: 25/61 MP: 5/5
  3139 | D:5      | Entered Level 5 of the Dungeon
  3202 | D:5      | Found a staircase to the Ecumenical Temple.
  3211 | Temple   | Entered the Ecumenical Temple
  3686 | D:5      | Reached skill level 6 in Unarmed Combat
  3686 | D:5      | Reached XP level 7. HP: 43/68 MP: 6/6
  3690 | D:5      | Gained mutation: Scrolls take you a little longer to read. [mutagenic meat]
  3691 | D:5      | Gained mutation: You are clumsy. (Dex -2) [mutagenic meat]
  3692 | D:5      | Gained mutation: You are very clumsy. (Dex -4) [mutagenic meat]
  3693 | D:5      | Gained mutation: You are covered in thick fur (AC +2). [mutagenic meat]
  3822 | D:5      | Found Turodet's Distillery.
  3830 | D:5      | Bought 2 potions of heal wounds for 120 gold pieces
  3830 | D:5      | Bought a potion of curing for 36 gold pieces
  3830 | D:5      | Bought a potion of heal wounds for 60 gold pieces
  3830 | D:5      | Bought a potion of invisibility for 96 gold pieces
  3992 | D:6      | Found Elatuz's Jewellery Emporium.
  4248 | D:6      | Reached skill level 5 in Dodging
  4318 | D:6      | Noticed Tobisume's ghost (novice DsBe)
  4544 | D:6      | Gained mutation: Your system is resistant to poisons. [potion of mutation]
  4544 | D:6      | Gained mutation: You have a pair of small antennae on your head. [potion of mutation]
  4577 | D:6      | HP: 3/70 [Tobisume's ghost (10)]
  4581 | D:6      | Killed Tobisume's ghost
  4581 | D:6      | Reached skill level 7 in Unarmed Combat
  4581 | D:6      | Reached XP level 8. HP: 27/79 MP: 7/7
  4718 | D:6      | Mangled by an orc warrior

Action                   |  1- 3 |  4- 6 |  7- 9 || total
-------------------------+-------+-------+-------++-------
Melee: Unarmed           |    69 |   115 |   173 ||   357
  Use: Scroll            |     3 |     5 |     2 ||    10
       Potion            |       |     5 |     7 ||    12
 Stab: Sleeping          |     3 |     1 |       ||     4
  Eat: Bread ration      |     2 |     1 |     1 ||     4
       Chunk             |     3 |    13 |     5 ||    21
       Meat ration       |       |     1 |       ||     1
